 Dungeon Crawl Stone Soup version 0.25-a0-701-gb30f108 (webtiles) character file.

Game seed: 1083219204651491074, levelgen mode: deterministic

18 BlueFish the Chucker (level 2, -2/28 HPs)
             Began as a Troll Hunter on Apr 3, 2020.
             Slain by Sigmund
             ... wielding a +0 scythe
              (5 damage)
             ... on level 2 of the Dungeon.
             The game lasted 00:01:32 (729 turns).

BlueFish the Chucker (Troll Hunter)                  Turns: 729, Time: 00:01:32

Health: -2/28      AC:  6    Str: 19    XL:     2   Next: 51%
Magic:  1/1        EV: 10    Int:  7    God:
Gold:   57         SH:  0    Dex: 10    Spells: 1/1 levels left

rFire    . . .     SeeInvis .   (no weapon)
rCold    . . .     Gourm    +   (no shield)
rNeg     . . .     Faith    .   b - +0 robe
rPois    .         Spirit   .   (helmet restricted)
rElec    .         Reflect  .   (no cloak)
rCorr    .         Harm     .   (gloves unavailable)
MR       .....                  (boots unavailable)
Stlth    +.........             (no amulet)
HPRegen  0.49/turn              (no ring)
MPRegen  0.07/turn              (no ring)

@: confused, stab
A: large, unfitting armour, claws 3, fast metabolism 3, gourmand, regeneration
1, shaggy fur 1, tough skin 3
a: no special abilities


You were on level 2 of the Dungeon.
You were completely stuffed.

You visited 1 branch of the dungeon, and saw 2 of its levels.

You collected 57 gold pieces.

Inventory:

Missiles
 c - 5 large rocks (quivered)
 d - 2 throwing nets
Armour
 b - a +0 robe (worn)
Scrolls
 e - a scroll of teleportation
 g - 2 scrolls of magic mapping
Potions
 h - a potion of lignification
Comestibles
 f - 3 rations
 k - 4 chunks of flesh


   Skills:
 * Level 1.7 Fighting
 + Level 4.0 Throwing
 + Level 1.6 Dodging
 + Level 0.4 Stealth
 * Level 0.9 Unarmed Combat


You had one spell level left.
You didn't know any spells.
Your spell library was empty.

Dungeon Overview and Level Annotations

Branches:
Dungeon (2/15)

Altars:
Uskayaw

Annotations:
D:2 Sigmund


Innate Abilities, Weirdness & Mutations

You are too large for most types of armour.
You have claws for hands.
Your metabolism is lightning-fast.
You like to eat raw meat.
Your natural rate of healing is unusually fast.
You are covered in fur. (AC +1)
You have extremely tough skin. (AC +3)


Message History

You miss the rat. The rat closely misses you.
You hear some strange, mumbled words.
You are more confused.
You barely miss the rat. The rat bites you.
Something hits you but does no damage.
You're too confused to move!
Something hits you! The rat bites you but does no damage.
The rat barely misses you.
You hear some strange, mumbled words.
A puff of flame appears from out of thin air!
The puff of flame hits you!
* * * LOW HITPOINT WARNING * * *
You're too confused to move!
The rat closely misses you.
You hear some strange, mumbled words.
You are more confused.
You closely miss something. The rat barely misses you. Something hits you.
* * * LOW HITPOINT WARNING * * *
The rat closely misses you.
You miss something. Something hits you.
You die...

...........#******** *,,* *,
#.#####....# *,,* *, #.#..(#....#
###*## *,,* *, ..#..(#....# #..,.#
***,,* ** ..#####....# #.#*.#
*,,,,** ........<..# #.#*.#
*,,,,,*
...._......###.##.######,,,,,*
.......###......{.......,***,**
....###########r@.......,* *,,*
.................?......,* **,*
รท...###########.........,****,***
....# #.........,,,,,,,,, #####
#########.,,,,*,*** *,,,,,*,,*
*****,*,>* **,**,* *,,,,,*


You could see a rat.

Vanquished Creatures
  A dart slug (D:1)
  2 bats
  A giant cockroach (D:1)
  4 goblins (D:1)
  A hobgoblin (D:1)
  3 kobolds (D:1)
  A quokka (D:2)
  A frilled lizard (D:1)
  A rat (D:1)
15 creatures vanquished.

Notes
Turn   | Place    | Note
-------+----------+-------------------------------------------
     0 | D:1      | BlueFish the Troll Hunter began the quest for the Orb.
     0 | D:1      | Reached XP level 1. HP: 19/19 MP: 0/0
   201 | D:1      | Reached XP level 2. HP: 28/28 MP: 1/1
   400 | D:1      | Reached skill level 4 in Throwing
   661 | D:2      | Found a hide-covered altar of Uskayaw.
   661 | D:2      | Noticed a +0 hand axe
   662 | D:2      | Noticed a +0 dagger
   686 | D:2      | Noticed Sigmund
   709 | D:2      | HP: 1/28 [rat (1)]
   729 | D:2      | Slain by Sigmund

Levels and vault maps discovered:
D:1:      lightli_arrival_chessboard, layout_loops_cross
D:2:      layout_basic, dancing_weapons_uskayaw, grunt_gozag_breadcrumbs,
          uniq_sigmund

Skill      XL: |  1  2 |
---------------+-------+-----
Throwing       | 4 |  4.0
Fighting       | |  1.7
Dodging        | |  1.6
Stealth        | |  0.4
Unarmed Combat | |  0.9

Action                   || total
-------------------------++-------
Melee: Unarmed           ||    60
  Use: Scroll            ||     6
       Potion            ||     2
  Eat: Chunk             ||    12
Armor: Robe              ||    27
Dodge: Dodged            ||    44

Table legend:
 A = Non-vault XP
 B = Vault XP
 C = Vault XP percentage of total XP
 D = Non-vault monster count
 E = Vault monster count
 F = Vault count percentage of total count
                 A         B        C        D         E       F
            +---------+---------+-------+---------+---------+-------
      Total |      27 |       0 |   0.0 |      15 |       0 |   0.0
            +---------+---------+-------+---------+---------+-------
        D:1 |      24 |       0 |   0.0 |      13 |       0 |   0.0
        D:2 |       3 |       0 |   0.0 |       2 |       0 |   0.0
            +---------+---------+-------+---------+---------+-------
